Cogmind - Beta 13 @@@ ROGUE MODE // 2024.04.09 @ 18:40:29 Player: opdo Result: Destroyed by G-67 Veteran with Field Laser Performance ------------- Evolutions (6) 3000 Regions Visited (15) 3000 Robots Destroyed (57) 285 Value Destroyed (2132) 2132 Prototype IDs (34) 680 Alien Tech Used (0) 0 Bonus (2040) 2040 TOTAL SCORE: 11137 Bonus ------- Follower Combat Kills 140 Entered Garrisons 600 Used RIF Installer 1000 Aligned with FarCom 300 Cogmind --------- Core Integrity 0/1150 Matter 300/300 Energy 80/100 System Corruption 3% Temperature Cool (12) Movement Core (50) Location -4/Garrison Parts ------- > --- POWER (3) -------- (None) > --- PROPULSION (4) --- (None) > --- UTILITY (7) ------ Weight Redist. System Advanced Targeting Computer Target Analyzer Improved Hacking Suite > --- WEAPON (5) ------- (None) > --- INVENTORY (5) ---- Antigrav System Improved Linear Gravjet Seismic Detector Quantum Capacitor Peak State ------------ > --- POWER ------------ Deuterium Engine Light Nuclear Core > --- PROPULSION ------- Diametric Drive Diametric Drive Diametric Drive Diametric Drive > --- UTILITY ---------- Advanced Coolant Injector Large Storage Unit Weight Redist. System Advanced Targeting Computer Target Analyzer Thermal Defense Suite Improved Hacking Suite > --- WEAPON ----------- Phase Gun Heavy Wave Gun Heavy Plasma Cannon Heavy Plasma Cannon Improved Remote Datajack > --- INVENTORY -------- Light Nuclear Core Improved Treads Improved Carbon-fiber Leg Gravmag System Antigrav System Improved Linear Gravjet Improved VTOL Module Advanced Cooling System Seismic Detector Core Analyzer Recoil Nullifier Quantum Capacitor Improved Focal Shield Advanced Thermal Shield [Rating: 103] Favorites ----------- Power Deuterium Engine Engine Deuterium Engine Power Core Nuclear Core Reactor Light Antimatter Reactor Propulsion Aluminum Leg Treads Improved Treads Leg Aluminum Leg Wheel Armored Wheel Hover Unit Gravmag System Flight Unit VTOL Module Utility Target Analyzer Device Improved Heat Sink Storage Large Storage Unit Processor Target Analyzer Hackware Improved Hacking Suite Protection Improved Light Armor Plating Weapon Heavy Plasma Cannon Energy Gun Particle Gun Energy Cannon Heavy Plasma Cannon Ballistic Gun Flak Gun Ballistic Cannon Advanced Assault Cannon Launcher Rocket Launcher Special Weapon Improved Remote Datajack Build | -11 -10 -10 -10 -9 -8 -8 -7 -7 -7 -7 -6 -5 -5 -4 -4 ------- Run | Yrd Mat Min Exi Min Mat Gar Fac Was Fac Sto Fac Fac Gar Fac Gar Slots Evolved 12 | . . . . . 4 . 2 . . . 2 2 . 2 . Power 2 | . . . . . . . 1 . . . . 1 . . . Propulsion 2 | . . . . . . . . . . . 1 1 . . . Utility 5 | . . . . . 3 . . . . . 1 . . 1 . Weapon 3 | . . . . . 1 . 1 . . . . . . 1 . Parts Attached 120 | 6 1 4 1 6 3 7 6 3 20 26 6 . 10 20 1 Power 14 | 1 . . . . . 1 1 1 1 6 . . 2 . 1 Engine 8 | 1 . . . . . 1 1 . 1 3 . . 1 . . Core 5 | . . . . . . . . 1 . 3 . . 1 . . Reactor 1 | . . . . . . . . . . . . . . . 1 Propulsion 39 | 2 . 4 . 1 . 1 . 2 6 9 1 . 4 9 . Treads 1 | . . . . . . . . . . . . . . 1 . Leg 17 | 2 . 2 . 1 . 1 . 1 4 6 . . . . . Wheel 3 | . . . . . . . . . . 2 1 . . . . Hover 5 | . . . . . . . . . 2 . . . . 3 . Flight 13 | . . 2 . . . . . 1 . 1 . . 4 5 . Utility 29 | 1 1 . 1 2 2 2 1 . 7 4 1 . 2 5 . Device 16 | . 1 . 1 1 1 2 1 . 2 1 . . 1 5 . Storage 4 | 1 . . . 1 . . . . 1 1 . . . . . Processor 3 | . . . . . . . . . 2 . . . 1 . . Hackware 1 | . . . . . . . . . . . 1 . . . . Protection 5 | . . . . . 1 . . . 2 2 . . . . . Artifact . | . . . . . . . . . . . . . . . . Weapon 38 | 2 . . . 3 1 3 4 . 6 7 4 . 2 6 . Energy Gun 18 | 2 . . . 1 1 1 3 . 1 5 . . . 4 . Energy Cannon 7 | . . . . . . . . . 3 . 1 . 2 1 . Ballistic Gun 6 | . . . . . . 1 . . 1 1 3 . . . . Ballistic Cannon 4 | . . . . 1 . . 1 . 1 1 . . . . . Launcher 2 | . . . . 1 . 1 . . . . . . . . . Special Weapon 1 | . . . . . . . . . . . . . . 1 . Impact Weapon . | . . . . . . . . . . . . . . . . Slashing Weapon . | . . . . . . . . . . . . . . . . Piercing Weapon . | . . . . . . . . . . . . . . . . Special Melee Weapon . | . . . . . . . . . . . . . . . . Unidentified Prototypes 11 | . . . . . . . . . 1 7 . . . 3 . Parts Lost 40 | . . . . . . 5 . 6 . 8 4 . 7 1 9 Power 10 | . . . . . . 1 . 2 . 2 1 . 1 . 3 Propulsion 12 | . . . . . . . . 2 . 2 . . 3 1 4 Utility 7 | . . . . . . 2 . 1 . 1 2 . . . 1 Weapon 11 | . . . . . . 2 . 1 . 3 1 . 3 . 1 Highest Loss Streak 8 | . . . . . . 2 . 6 . 3 4 . 7 1 8 To Critical Strikes 1 | . . . . . . . . . . . . . 1 . . Average Slot Usage (%) 85 | . 94 100 100 97 90 78 92 68 83 95 84 58 63 89 79 Engine 6 | . 14 14 14 14 9 7 11 9 5 4 11 5 4 5 4 Core 4 | . . . . . . . . . 7 8 . . 3 5 3 Leg 11 | . 28 28 28 28 18 18 15 9 14 13 . . . . . Wheel 1 | . . . . . . . . . . . 20 17 1 . . Flight 4 | . . . . . . . . 2 . . . . 15 19 17 Device 9 | . 8 14 14 10 18 17 26 20 5 7 5 . 3 14 13 Storage 5 | . 14 14 14 16 9 9 7 5 . 1 6 5 5 5 4 Processor 7 | . . . . . . . . . 9 13 6 5 9 10 10 Hackware 1 | . . . . . . . . . . . 2 5 5 5 5 Protection 5 | . . . . . 9 1 . . 11 13 4 . . . . Energy Gun 11 | . 28 28 28 16 18 15 27 18 6 11 3 . . 9 7 Energy Cannon 6 | . . . . . . . . . 13 2 1 . 10 9 6 Ballistic Gun 2 | . . . . . . 2 1 . . 5 14 17 1 . . Ballistic Cannon 3 | . . . . 10 9 1 1 . 3 9 5 . . . . Naked Turns . | . . . . . . . . . . . . . . . . Heaviest Build 99 | 10 11 11 11 32 18 18 33 33 99 64 70 44 55 77 75 Greatest Support 47 | 20 20 20 20 25 25 25 25 25 30 47 36 36 36 36 34 Greatest Overweight (x) 16 | . . . . 1 . . 1 9 5 3 1 1 16 5 2 Average Overweight (x) . | . . . . . . . . . 1 . 1 1 2 2 . Largest Inventory Capacity 25 | 8 8 8 8 15 8 8 8 8 25 15 15 15 15 15 15 Average Capacity 9 | 7 8 8 8 9 8 8 8 7 6 7 15 15 15 15 13 Most Carried 15 | 3 3 6 8 8 7 8 8 8 11 6 9 13 15 15 15 Average Carried 6 | 2 2 3 6 7 5 6 7 6 5 4 7 11 8 11 13 Final Capacity 15 | 8 8 8 8 8 8 8 8 5 5 15 15 15 15 15 5 Final Carried 15 | 3 3 6 8 8 5 6 8 3 5 6 9 13 7 15 5 Class Distribution -------------------- 25% | Mutant 23% | Gunner 16% | Skirmisher 15% | Scavenger-Gunner 8% | Tank 4% | Scavenger-Mutant 4% | Scavenger-Skirmisher Dominant Class ---------------- Mutant | -10/Materials Mutant | -10/Mines Mutant | -10/Exiles Mutant | -9/Mines Skirmisher | -8/Materials Skirmisher | -8/Garrison Scavenger-Skirmisher | -7/Factory Mutant | -7/Waste Gunner | -7/Factory Gunner | -7/Storage Skirmisher | -6/Factory Skirmisher | -5/Factory Scavenger-Mutant | -5/Garrison Scavenger-Gunner | -4/Factory Gunner | -4/Garrison Resources | -11 -10 -10 -10 -9 -8 -8 -7 -7 -7 -7 -6 -5 -5 -4 -4 ----------- Run | Yrd Mat Min Exi Min Mat Gar Fac Was Fac Sto Fac Fac Gar Fac Gar Matter Collected 2096 | 231 . 14 . 135 . 134 . . 393 663 . . 119 299 108 Remotely . | . . . . . . . . . . . . . . . . Salvage Created 1952 | 34 . 47 . . . 293 . . 348 751 . . 99 299 81 Parts 94 | 4 . 7 . . . 14 . . 13 34 . . 8 13 1 Haulers Intercepted 3 | . . . . . . . . . . 3 . . . . . Recyclers Shooed 1 | . . . . . . . . . . 1 . . . . . Parts Field Recycled . | . . . . . . . . . . . . . . . . Retrieved Matter . | . . . . . . . . . . . . . . . . Parts Self-Destructed . | . . . . . . . . . . . . . . . . Prevented . | . . . . . . . . . . . . . . . . Kills | -11 -10 -10 -10 -9 -8 -8 -7 -7 -7 -7 -6 -5 -5 -4 -4 ------- Run | Yrd Mat Min Exi Min Mat Gar Fac Was Fac Sto Fac Fac Gar Fac Gar Combat Hostiles Destroyed 45 | . . 3 . . . 11 . . 5 17 . . 4 4 1 Guns 16 | . . 3 . . . 6 . . . 5 . . 1 1 . Cannons 23 | . . . . . . 2 . . 4 12 . . 3 2 . AOE 3 | . . . . . . 3 . . . . . . . . . Classes Destroyed 13 | 1 . 1 . . . 3 . . 5 2 . . . . 1 Worker 2 | . . . . . . . . . 2 . . . . . . Builder 1 | . . . . . . . . . . 1 . . . . . Tunneler 2 | 2 . . . . . . . . . . . . . . . Hauler 3 | . . . . . . . . . . 3 . . . . . Mechanic 1 | . . . . . . . . . 1 . . . . . . Watcher 3 | . . . . . . . . . 1 1 . . . 1 . Swarmer 15 | . . 3 . . . 4 . . . 4 . . 4 . . Grunt 7 | . . . . . . 5 . . . 2 . . . . . Brawler 1 | . . . . . . 1 . . . . . . . . . Sentry 11 | . . . . . . 1 . . 2 6 . . . 2 . Specialist 1 | . . . . . . . . . . . . . . . 1 Hunter 3 | . . . . . . . . . 1 2 . . . . . Programmer 7 | . . . . . . . . . 2 3 . . . 2 . Best Kill Streak 7 | 2 . 3 . . . 7 . . 3 6 . . 4 2 1 Combat Bots Only 7 | . . 3 . . . 7 . . 2 6 . . 4 2 1 Max Kills in Single Turn 3 | 1 . 1 . . . 2 . . 3 1 . . 1 1 1 Gunslinging . | . . . . . . . . . . . . . . . . Exploded 2 | . . . . . . 2 . . . . . . . . . Melee . | . . . . . . . . . . . . . . . . Uniques/NPCs Destroyed . | . . . . . . . . . . . . . . . . Combat | -11 -10 -10 -10 -9 -8 -8 -7 -7 -7 -7 -6 -5 -5 -4 -4 -------- Run | Yrd Mat Min Exi Min Mat Gar Fac Was Fac Sto Fac Fac Gar Fac Gar Hostile Shots Fired 782 | . . 12 . . . 48 . 4 68 245 123 6 53 42 181 Missed 269 | . . 2 . . . 9 . . 25 87 46 3 12 12 73 Damage Taken 6206 | . . 86 . . . 596 . 172 401 1507 584 23 614 547 1676 Core 1737 | . . 28 . . . 30 . 92 35 224 55 . 116 133 1024 Absorbed by Shields 90 | . . . . . . . . . . . . . . . 90 Ignored by Resistances 144 | . . . . . . . . . . . . . . 112 32 Core Remaining (%) 85 | 100 . . . 88 . 94 . . . 49 93 . 88 . . Volleys Fired 128 | 6 4 5 . . . 20 . . 14 49 5 . 8 11 6 Largest 4 | 2 2 2 . . . 3 . . 4 4 3 . 2 4 4 Hottest 356 | 80 80 80 . . . 125 . . 273 273 106 . 180 356 356 Shots Fired 369 | 12 8 10 . . . 51 . . 52 159 13 . 12 37 15 Gun 213 | 12 8 10 . . . 42 . . 11 87 11 . 4 20 8 Cannon 149 | . . . . . . 3 . . 41 72 2 . 8 16 7 Launcher 6 | . . . . . . 6 . . . . . . . . . Special 1 | . . . . . . . . . . . . . . 1 . Kinetic 127 | . . . . . . 9 . . 13 88 13 . 4 . . Thermal 222 | 12 8 10 . . . 36 . . 39 58 . . 8 36 15 Explosive 6 | . . . . . . 6 . . . . . . . . . Electromagnetic 13 | . . . . . . . . . . 13 . . . . . Robot Hit Streak 22 | 3 4 3 . . . 9 . . 19 13 2 . 2 22 11 Robot Miss Streak 8 | 3 1 2 . . . 2 . . 3 8 2 . 4 2 1 Penetration Max . | . . . . . . . . . . . . . . . . Secondary Targets 2 | . . 1 . . . 1 . . . . . . . . . Max Gunslinging Chain 1 | . . 1 . . . 1 . . . . . . . . . Shots Hit Robots 230 | 6 6 6 . . . 31 . . 33 94 8 . 5 27 14 Core Hits 117 | 2 . 3 . . . 21 . . 13 58 1 . 6 9 4 Critical Kills . | . . . . . . . . . . . . . . . . Critical Parts Destroyed 1 | . . . . . . . . . . . 1 . . . . Critical Strikes 13 | . . . . . . . . . . 8 1 . . 2 2 Burn 7 | . . . . . . . . . . 3 . . . 2 2 Destroy 1 | . . . . . . . . . . . 1 . . . . Blast 5 | . . . . . . . . . . 5 . . . . . Melee Attacks . | . . . . . . . . . . . . . . . . Impact . | . . . . . . . . . . . . . . . . Slashing . | . . . . . . . . . . . . . . . . Piercing . | . . . . . . . . . . . . . . . . Sneak Attacks . | . . . . . . . . . . . . . . . . Combat Hostiles . | . . . . . . . . . . . . . . . . Follow-up Attacks . | . . . . . . . . . . . . . . . . Damage Inflicted 5693 | 67 68 65 . . . 791 . . 872 2263 155 . 197 765 450 Guns 2388 | 67 68 65 . . . 298 . . 128 993 126 . 61 387 195 Cannons 2755 | . . . . . . 56 . . 744 1194 29 . 127 378 227 Explosions 492 | . . . . . . 437 . . . 55 . . . . . Melee . | . . . . . . . . . . . . . . . . Ramming 58 | . . . . . . . . . . 21 . . 9 . 28 Kinetic 2001 | . . . . . . 100 . . 218 1467 155 . 61 . . Thermal 3130 | 67 68 65 . . . 254 . . 654 708 . . 127 765 422 Explosive 437 | . . . . . . 437 . . . . . . . . . Electromagnetic 67 | . . . . . . . . . . 67 . . . . . Impact . | . . . . . . . . . . . . . . . . Slashing . | . . . . . . . . . . . . . . . . Piercing . | . . . . . . . . . . . . . . . . Highest Corruption 3 | . . . . . . . . . 1 2 . . 1 3 3 Average Corruption 1 | . . . . . . . . . 1 1 . . 1 2 3 Corruption Purged . | . . . . . . . . . . . . . . . . Corruption Blocked . | . . . . . . . . . . . . . . . . Effects 31 | . . . . . . . . . 6 11 . . 4 4 6 Message Errors 7 | . . . . . . . . . 1 1 . . 2 3 . Matter Fused 3 | . . . . . . . . . 1 2 . . . . . Heat Flow Errors 2 | . . . . . . . . . . 1 . . . . 1 Energy Discharges 5 | . . . . . . . . . 1 1 . . 1 . 2 Data Loss (minor) 4 | . . . . . . . . . 2 1 . . 1 . . Data Loss (major) 2 | . . . . . . . . . . 1 . . . . 1 Misfires 1 | . . . . . . . . . . 1 . . . . . Alerts 4 | . . . . . . . . . 1 1 . . . 1 1 Weapon Failures 3 | . . . . . . . . . . 2 . . . . 1 Overload Shots . | . . . . . . . . . . . . . . . . Overflow Damage 44 | . . . . . . 8 . . . 14 . . . 22 . Projectiles 36 | . . . . . . . . . . 14 . . . 22 . Explosions 8 | . . . . . . 8 . . . . . . . . . Melee . | . . . . . . . . . . . . . . . . Knockbacks 5 | . . . . . . 1 . . . 4 . . . . . Impact 1 | . . . . . . . . . . 1 . . . . . Kinetic 4 | . . . . . . 1 . . . 3 . . . . . Secondary . | . . . . . . . . . . . . . . . . Self-Inflicted Damage 153 | . . . . . . 75 . . . 61 . . 4 . 13 Shots 4 | . . . . . . 3 . . . 1 . . . . . Rammed 9 | . . . . . . . . . . . . . 3 . 6 Targets Rammed 10 | . . . . . . . . . . 1 . . 3 . 6 Kicked 1 | . . . . . . . . . . 1 . . . . . Crushed . | . . . . . . . . . . . . . . . . Highest Temperature 692 | 54 72 72 . . . 236 . . 551 692 84 . 194 435 192 Average Temperature 170 | 24 38 43 . . . 115 . . 195 215 33 . 88 162 91 Received Heat Transfer 958 | . . . . . . 252 . . 54 225 168 . . 63 196 Effects 45 | . . . . . . . . . 9 32 . . . 4 . Shutdowns 11 | . . . . . . . . . 4 7 . . . . . Energy Bleed 6 | . . . . . . . . . 1 3 . . . 2 . Interference 7 | . . . . . . . . . . 7 . . . . . Matter Decay 6 | . . . . . . . . . . 5 . . . 1 . Short Circuit 5 | . . . . . . . . . . 4 . . . 1 . Damage (minor) 2 | . . . . . . . . . . 2 . . . . . Damage (major) 7 | . . . . . . . . . 4 3 . . . . . Damage (core) 1 | . . . . . . . . . . 1 . . . . . Siege Activations . | . . . . . . . . . . . . . . . . Robots Corrupted . | . . . . . . . . . . . . . . . . Combat Hostiles . | . . . . . . . . . . . . . . . . Parts Fried . | . . . . . . . . . . . . . . . . Impact Corruptions . | . . . . . . . . . . . . . . . . Robots Melted 4 | . . . . . . . . . 1 . . . . 2 1 Combat Hostiles 3 | . . . . . . . . . 1 . . . . 1 1 Parts Melted 14 | . . . . . . . . . 4 . . . 1 8 1 Heat Transferred 5831 | 150 150 150 . . . 574 . . 1296 1301 . . 200 1253 757 Parts Sabotaged . | . . . . . . . . . . . . . . . . Parts Stolen . | . . . . . . . . . . . . . . . . Parts Stripped . | . . . . . . . . . . . . . . . . Power Chain Reactions 1 | . . . . . . . . . . 1 . . . . . Alert | -11 -10 -10 -10 -9 -8 -8 -7 -7 -7 -7 -6 -5 -5 -4 -4 ------- Run | Yrd Mat Min Exi Min Mat Gar Fac Was Fac Sto Fac Fac Gar Fac Gar Peak Influence 302 | 10 36 83 . 7 17 302 158 70 147 216 114 59 56 118 50 Initial 158 | . 6 13 . . 2 11 158 55 7 66 98 35 41 29 . Average 62 | 2 17 47 . . 10 187 158 38 27 111 95 37 53 39 8 Maximum Alert Level 1 | . . . . . . 1 . . . 1 . . . . . Low Security (%) 93 | 100 100 100 . 100 100 47 100 100 100 85 100 100 100 100 100 Level 1 6 | . . . . . . 52 . . . 14 . . . . . Level 2 . | . . . . . . . . . . . . . . . . Level 3 . | . . . . . . . . . . . . . . . . Level 4 . | . . . . . . . . . . . . . . . . Level 5 . | . . . . . . . . . . . . . . . . High Security . | . . . . . . . . . . . . . . . . Max Security . | . . . . . . . . . . . . . . . . Squads Dispatched 12 | . . . . . . . . . 1 8 . 1 . 2 . Investigation 2 | . . . . . . . . . . 1 . 1 . . . Extermination 6 | . . . . . . . . . 1 3 . . . 2 . Reinforcement 1 | . . . . . . . . . . 1 . . . . . Assault . | . . . . . . . . . . . . . . . . Garrison 3 | . . . . . . . . . . 3 . . . . . Intercept . | . . . . . . . . . . . . . . . . Searches Triggered . | . . . . . . . . . . . . . . . . Construction Impeded . | . . . . . . . . . . . . . . . . Haulers Reinforced 1 | . . . . . . . . . . 1 . . . . . Active Scanning Responses . | . . . . . . . . . . . . . . . . Cargo Convoy Interrupts . | . . . . . . . . . . . . . . . . Stealth | -11 -10 -10 -10 -9 -8 -8 -7 -7 -7 -7 -6 -5 -5 -4 -4 --------- Run | Yrd Mat Min Exi Min Mat Gar Fac Was Fac Sto Fac Fac Gar Fac Gar Distress Signals 4 | . . . . . . . . . 1 3 . . . . . Communications Jammed . | . . . . . . . . . . . . . . . . Distress Signals . | . . . . . . . . . . . . . . . . Times Spotted 89 | . 3 3 . . 1 10 . 3 8 25 1 1 5 7 22 Peak Tracking Total 18 | . 2 3 . . 1 7 . 3 2 6 1 1 5 2 18 Tactical Retreats 3 | . . . . . . . . . . 1 . . . . 2 Traps | -11 -10 -10 -10 -9 -8 -8 -7 -7 -7 -7 -6 -5 -5 -4 -4 ------- Run | Yrd Mat Min Exi Min Mat Gar Fac Was Fac Sto Fac Fac Gar Fac Gar Traps Triggered 10 | . . . . . . . 2 . . 2 . . 2 1 3 Indirectly . | . . . . . . . . . . . . . . . . Trap Hack Attempts . | . . . . . . . . . . . . . . . . Triggered . | . . . . . . . . . . . . . . . . Disarmed . | . . . . . . . . . . . . . . . . Reprogrammed . | . . . . . . . . . . . . . . . . Reused . | . . . . . . . . . . . . . . . . Traps Extracted . | . . . . . . . . . . . . . . . . Installed . | . . . . . . . . . . . . . . . . Triggered . | . . . . . . . . . . . . . . . . Machines | -11 -10 -10 -10 -9 -8 -8 -7 -7 -7 -7 -6 -5 -5 -4 -4 ---------- Run | Yrd Mat Min Exi Min Mat Gar Fac Was Fac Sto Fac Fac Gar Fac Gar Machines Disabled 4 | . . . . . . . . . . 4 . . . . . Max in Single Turn 1 | . . . . . . . . . . 1 . . . . . Machines Repaired . | . . . . . . . . . . . . . . . . Machines Dismantled . | . . . . . . . . . . . . . . . . Machines Sabotaged . | . . . . . . . . . . . . . . . . Overloaded Fab Kills . | . . . . . . . . . . . . . . . . Hacking | -11 -10 -10 -10 -9 -8 -8 -7 -7 -7 -7 -6 -5 -5 -4 -4 --------- Run | Yrd Mat Min Exi Min Mat Gar Fac Was Fac Sto Fac Fac Gar Fac Gar Machines Accessed 26 | . . . 1 1 2 1 . . 5 6 1 4 . 5 . Terminals 13 | . . . . 1 . 1 . . 4 5 . 1 . 1 . Fabricators 2 | . . . . . . . . . . . . 2 . . . Repair Stations . | . . . . . . . . . . . . . . . . Recycling Units 4 | . . . . . . . . . 1 1 1 . . 1 . Scanalyzers 3 | . . . . . 1 . . . . . . . . 2 . Garrison Access 3 | . . . . . 1 . . . . . . 1 . 1 . Total Hacks 62 | . . . 1 3 6 2 . . 7 17 3 8 . 15 . Successful 35 | . . . 1 1 5 . . . 3 7 2 4 . 12 . Failed 27 | . . . . 2 1 2 . . 4 10 1 4 . 3 . Catastrophic 7 | . . . . 1 . . . . 1 3 . 1 . 1 . Database Lockouts . | . . . . . . . . . . . . . . . . Manual 28 | . . . 1 3 1 . . . 5 11 . 4 . 3 . Terminals 29 | . . . . 3 . 2 . . 6 14 . 1 . 3 . Fabricators 3 | . . . . . . . . . . . . 3 . . . Repair Stations . | . . . . . . . . . . . . . . . . Recycling Units 10 | . . . . . . . . . 1 3 3 . . 3 . Scanalyzers 12 | . . . . . 4 . . . . . . . . 8 . Garrison Access 7 | . . . . . 2 . . . . . . 4 . 1 . Terminal Hacks 6 | . . . 1 1 . . . . 1 3 . . . . . Record 1 | . . . . . . . . . . 1 . . . . . Part Schematic 1 | . . . . 1 . . . . . . . . . . . Open Door 1 | . . . . . . . . . . 1 . . . . . Unreport Threat 1 | . . . . . . . . . . 1 . . . . . Zone Layout 1 | . . . . . . . . . 1 . . . . . . Derelict Proto ID Bank 1 | . . . 1 . . . . . . . . . . . . Fabricator Hacks 1 | . . . . . . . . . . . . 1 . . . Network Status 1 | . . . . . . . . . . . . 1 . . . Repair Station Hacks . | . . . . . . . . . . . . . . . . Recycling Unit Hacks 5 | . . . . . . . . . 1 1 2 . . 1 . Report Inventory 1 | . . . . . . . . . . . 1 . . . . Retrieve Matter 3 | . . . . . . . . . 1 . 1 . . 1 . Retrieve Components 1 | . . . . . . . . . . 1 . . . . . Scanalyzer 12 | . . . . . 4 . . . . . . . . 8 . Insert Component 6 | . . . . . 2 . . . . . . . . 4 . Analyze 6 | . . . . . 2 . . . . . . . . 4 . Garrison Access Hacks 3 | . . . . . 1 . . . . . . 1 . 1 . Unlock Access 3 | . . . . . 1 . . . . . . 1 . 1 . Unauthorized Hacks 8 | . . . . . . . . . 1 3 . 2 . 2 . Terminals 6 | . . . . . . . . . 1 3 . . . 2 . Botnet 4 | . . . . . . . . . 1 2 . . . 1 . Operators 2 | . . . . . . . . . . 1 . . . 1 . Fabricators . | . . . . . . . . . . . . . . . . Repair Stations . | . . . . . . . . . . . . . . . . Recycling Units . | . . . . . . . . . . . . . . . . Scanalyzers . | . . . . . . . . . . . . . . . . Garrison Access 2 | . . . . . . . . . . . . 2 . . . Broadcast 1 | . . . . . . . . . . . . 1 . . . Reprogram 1 | . . . . . . . . . . . . 1 . . . Data Cores Recovered . | . . . . . . . . . . . . . . . . Used . | . . . . . . . . . . . . . . . . Hacking Detections 24 | . . . . 1 1 1 . . 5 6 1 4 . 5 . Full Trace Events 2 | . . . . . . 1 . . . . . 1 . . . Feedback Events . | . . . . . . . . . . . . . . . . Feedback Blocked . | . . . . . . . . . . . . . . . . Robot Schematics Acquired . | . . . . . . . . . . . . . . . . Robots Built . | . . . . . . . . . . . . . . . . Authchips . | . . . . . . . . . . . . . . . . Time . | . . . . . . . . . . . . . . . . Total Robot Build Rating . | . . . . . . . . . . . . . . . . Part Schematics Acquired 6 | . . . . 1 2 . . . . . . . . 3 . Parts Built . | . . . . . . . . . . . . . . . . Authchips . | . . . . . . . . . . . . . . . . Time . | . . . . . . . . . . . . . . . . Total Part Build Rating . | . . . . . . . . . . . . . . . . Parts Repaired . | . . . . . . . . . . . . . . . . Time . | . . . . . . . . . . . . . . . . Parts Recycled . | . . . . . . . . . . . . . . . . Recycled Matter . | . . . . . . . . . . . . . . . . Retrieved Matter . | . . . . . . . . . . . . . . . . Retrieved Components 1 | . . . . . . . . . . 1 . . . . . Parts Scanalyzed 6 | . . . . . 2 . . . . . . . . 4 . Part Schematics Acquired 5 | . . . . . 2 . . . . . . . . 3 . Parts Damaged . | . . . . . . . . . . . . . . . . Bothacking | -11 -10 -10 -10 -9 -8 -8 -7 -7 -7 -7 -6 -5 -5 -4 -4 ------------ Run | Yrd Mat Min Exi Min Mat Gar Fac Was Fac Sto Fac Fac Gar Fac Gar Used RIF Installer 2 | . . . . . . . . . . . . . 1 . 1 Watcher Feeds 1 | . . . . . . . . . . . . . . . 1 Robots Hacked 1 | . . . . . . . . . . . . . . 1 . Non-combat 1 | . . . . . . . . . . . . . . 1 . Combat . | . . . . . . . . . . . . . . . . Robot Hacks Applied 1 | . . . . . . . . . . . . . . 1 . parse_system 1 | . . . . . . . . . . . . . . 1 . Relay Couplers Released . | . . . . . . . . . . . . . . . . Fabnet Peak Effective % . | . . . . . . . . . . . . . . . . Robots Rewired 1 | . . . . . . . . . . 1 . . . . . Allies Hacked . | . . . . . . . . . . . . . . . . Hacks Repelled . | . . . . . . . . . . . . . . . . Allies | -11 -10 -10 -10 -9 -8 -8 -7 -7 -7 -7 -6 -5 -5 -4 -4 -------- Run | Yrd Mat Min Exi Min Mat Gar Fac Was Fac Sto Fac Fac Gar Fac Gar Total Allies 10 | . . . . . . . . . . 10 . . . . . Largest Group 10 | . . . . . . . . . . 10 . . . . . Highest-Rated Group 173 | . . . . . . . . . . 173 . . . . . Highest-Rated Ally 29 | . . . . . . . . . . 29 . . . . . Total Orders 6 | . . . 2 2 1 . . . . 1 . . . . . ROAM 1 | . . . . . . . . . . 1 . . . . . EXPLORE 4 | . . . 1 2 1 . . . . . . . . . . RETURN 1 | . . . 1 . . . . . . . . . . . . Ally Attacks 54 | . . . . . . . . . . 54 . . . . . Total Damage 657 | . . . . . . . . . . 657 . . . . . Kills 7 | . . . . . . . . . . 7 . . . . . Allies Corrupted . | . . . . . . . . . . . . . . . . Allies Melted . | . . . . . . . . . . . . . . . . Intel | -11 -10 -10 -10 -9 -8 -8 -7 -7 -7 -7 -6 -5 -5 -4 -4 ------- Run | Yrd Mat Min Exi Min Mat Gar Fac Was Fac Sto Fac Fac Gar Fac Gar Robot Analysis Total . | . . . . . . . . . . . . . . . . Derelict Logs Recovered . | . . . . . . . . . . . . . . . . Drone Launches 4 | . . . 1 2 1 . . . . . . . . . . Drone Recoveries 3 | . . . 1 2 . . . . . . . . . . . Exploration | -11 -10 -10 -10 -9 -8 -8 -7 -7 -7 -7 -6 -5 -5 -4 -4 ------------- Run | Yrd Mat Min Exi Min Mat Gar Fac Was Fac Sto Fac Fac Gar Fac Gar Turns Passed 6391 | 81 157 155 371 206 68 487 130 81 1554 1113 195 195 453 835 310 Spaces Moved 3462 | 45 98 109 307 151 55 335 74 70 627 550 152 182 186 306 215 Core 69 | 7 . . . . . . . 1 . . . . 11 . 50 Treads . | . . . . . . . . . . . . . . . . Legs 2321 | 38 98 109 307 151 55 335 74 22 607 525 . . . . . Wheels 380 | . . . . . . . . . . 25 152 182 21 . . Hover 55 | . . . . . . . . . 20 . . . . 35 . Flight 637 | . . . . . . . . 47 . . . . 154 271 165 Fastest Speed 24 | 50 120 120 120 120 120 120 120 40 116 120 105 105 105 177 24 Average Speed 157 | 109 120 120 120 127 120 120 151 110 218 155 105 105 212 243 111 Slowest Speed 850 | 120 120 120 120 190 120 120 190 500 400 330 105 105 850 430 181 Overloaded Moves . | . . . . . . . . . . . . . . . . Propulsion Burnouts . | . . . . . . . . . . . . . . . . Robots Hopped . | . . . . . . . . . . . . . . . . Cave-ins Triggered . | . . . . . . . . . . . . . . . . Exploration Rate (%) 32 | 3 31 28 91 79 13 38 2 63 16 81 4 5 26 8 30 Regions Visited 15 Branch Regions 4 Pre-discovered Areas 1 | . . . . . . . . . . 1 . . . . . Known Exits Taken 3 | . . . . . 1 . . . . . . 1 . 1 . Unknown Exits Taken 8 | 1 1 1 1 1 . . . . 1 1 1 . . . . Scrap Searched 2 | . . . . 2 . . . . . . . . . . . Spaces Dug . | . . . . . . . . . . . . . . . . Terrain Destroyed 83 | . . . . . . 42 . . 3 31 1 . . 6 . Melee . | . . . . . . . . . . . . . . . . Projectile 38 | . . . . . . . . . 3 28 1 . . 6 . AOE 45 | . . . . . . 42 . . . 3 . . . . . Terrain Rammed . | . . . . . . . . . . . . . . . . Walls Destroyed . | . . . . . . . . . . . . . . . . Machines Disabled . | . . . . . . . . . . . . . . . . Actions | -11 -10 -10 -10 -9 -8 -8 -7 -7 -7 -7 -6 -5 -5 -4 -4 --------- Run | Yrd Mat Min Exi Min Mat Gar Fac Was Fac Sto Fac Fac Gar Fac Gar Total 4127 | 65 129 121 309 164 57 378 94 74 785 705 177 185 232 375 277 Wait 167 | . 26 1 . . . 10 . . 75 26 4 . 3 11 11 Move 3444 | 44 97 108 306 150 54 331 74 69 626 549 151 181 184 305 215 Hop . | . . . . . . . . . . . . . . . . Pick Up 131 | 9 1 3 2 4 . 7 7 1 31 27 8 4 5 22 . Fast Attach . | . . . . . . . . . . . . . . . . Attach 72 | 6 1 . . 1 3 5 5 3 13 12 2 . 10 10 1 Detach . | . . . . . . . . . . . . . . . . Swap 48 | . . 4 1 5 . 2 1 . 7 14 4 . . 10 . Drop 60 | . . . . 4 . 1 2 1 19 19 3 . 1 6 4 Fire 128 | 6 4 5 . . . 20 . . 14 49 5 . 8 11 6 Melee . | . . . . . . . . . . . . . . . . Ram 9 | . . . . . . . . . . . . . 3 . 6 Kick 1 | . . . . . . . . . . 1 . . . . . Crush . | . . . . . . . . . . . . . . . . Escape Stasis 61 | . . . . . . . 5 . . 5 . . 18 . 33 Rewire 6 | . . . . . . 2 . . . 3 . . . . 1 Trap . | . . . . . . . . . . . . . . . . Miscellaneous . | . . . . . . . . . . . . . . . . Route ------- -11/Scrapyard -10/Materials -10/Mines -10/Exiles (discovered 2 exits: *Min x2) -9/Mines -8/Materials (discovered 2 exits: [*Fac] / Gar) -8/Garrison (discovered 2 exits: [*Fac x2]) -7/Factory -7/Waste -7/Factory -7/Storage -6/Factory -5/Factory -5/Garrison -4/Factory -4/Garrison (discovered 1 exit: [*Fac]) History --------- Turn | Location | Event 2 | -11/Scrapyard | Met Revision 17 14 | -11/Scrapyard | Discovered new exit (range 15) 82 | -11/Scrapyard | Entered Materials 229 | -10/Materials | Discovered new exit (range 9) 239 | -10/Materials | Entered Mines 317 | -10/Mines | Build established: Mutant 388 | -10/Mines | Deemed a non-threat by the Exiles lab entrance 389 | -10/Mines | Discovered new exit (range 5) 394 | -10/Mines | Entered Exiles 427 | -10/Exiles | Met 8R-AWN 441 | -10/Exiles | Met EX-HEX 477 | -10/Exiles | Met EX-BIN 494 | -10/Exiles | Aligned with FarCom system 495 | -10/Exiles | Given EX-Vault access code 535 | -10/Exiles | Opened EX-Vault 541 | -10/Exiles | Found Supersonic Drone Bay 547 | -10/Exiles | Discovered new exit (range 58) 554 | -10/Exiles | Discovered new exit (range 64) 566 | -10/Exiles | Warned to stay clear of 0b10 Research branches 605 | -10/Exiles | Met EX-DEC 765 | -10/Exiles | Left Exiles lab with Supersonic Drone Bay 765 | -10/Exiles | Entered Mines 804 | -9/Mines | Received a Rocket Launcher from a helpful Derelict 831 | -9/Mines | Joined a pair of Derelicts in attacking an 0b10 outpost 884 | -9/Mines | Discovered new exit (range 52) 971 | -9/Mines | Entered Materials 971 | -8/Materials | Evolved 4 slots: Utility x3, Weapon x1 990 | -8/Materials | Discovered new exit (range 44) 1003 | -8/Materials | Identified exit to Garrison 1039 | -8/Materials | Entered Garrison 1122 | -8/Garrison | Triggered checkpoint 1185 | -8/Garrison | Destroyed 7 combat bots 1217 | -8/Garrison | Discovered new exit (range 12) 1232 | -8/Garrison | Attempted to access garrison exit controls, blocked by remote lockdown 1260 | -8/Garrison | Triggered checkpoint 1261 | -8/Garrison | Build established: Skirmisher 1478 | -8/Garrison | Triggered checkpoint 1517 | -8/Garrison | Discovered new exit (range 8) 1526 | -8/Garrison | Entered Factory 1526 | -7/Factory | Evolved 2 slots: Power x1, Weapon x1 1656 | -7/Factory | Sucked down chute 1656 | -7/Factory | Entered Waste 1670 | -7/Waste | Spotted C-40 Crusher 1674 | -7/Waste | Spotted C-40 Crusher 1700 | -7/Waste | Crushed by Compactor (1 part destroyed, 2 dropped) 1704 | -7/Waste | Crushed by Compactor (1 part destroyed, 1 dropped) 1707 | -7/Waste | Spotted C-40 Crusher 1709 | -7/Waste | Crushed by Compactor (1 part destroyed, 2 dropped) 1717 | -7/Waste | Crushed by Compactor (1 part destroyed, 2 dropped) 1723 | -7/Waste | Spotted C-40 Crusher 1725 | -7/Waste | Discovered new exit (range 16) 1726 | -7/Waste | Spotted C-40 Crusher 1726 | -7/Waste | Spotted C-40 Crusher 1737 | -7/Waste | Entered Factory 1748 | -7/Factory | Lost 6 parts (2p2n1u1w) 1986 | -7/Factory | Build established: Mutant 2445 | -7/Factory | Build established: Tank 2982 | -7/Factory | Build established: Gunner 3243 | -7/Factory | Discovered new exit (range 14) 3291 | -7/Factory | Entered Storage 3505 | -7/Storage | Lost 3 parts (1p2w) 3867 | -7/Storage | Assisted by bots powering up and referring to "LRC-V3" 3913 | -7/Storage | Learned location of Armory (-4) 3960 | -7/Storage | Garrison activated, responded to threat 3968 | -7/Storage | Lost 4 allies 4319 | -7/Storage | Core integrity fell below 50% 4386 | -7/Storage | Discovered new exit (range 16) 4404 | -7/Storage | Entered Factory 4404 | -6/Factory | Evolved 2 slots: Propulsion x1, Utility x1 4579 | -6/Factory | Discovered new exit (range 11) 4599 | -6/Factory | Entered another Factory area 4599 | -5/Factory | Evolved 2 slots: Power x1, Propulsion x1 4606 | -5/Factory | Lost 4 parts (1p2u1w) 4762 | -5/Factory | Build established: Skirmisher 4762 | -5/Factory | Identified exit to Garrison 4780 | -5/Factory | Spotted B-75 Beast 4794 | -5/Factory | Entered Garrison 4868 | -5/Garrison | Lost 7 parts (1p3n3w) 4981 | -5/Garrison | Installed Relay Interface Framework 5144 | -5/Garrison | Triggered checkpoint 5198 | -5/Garrison | Triggered checkpoint 5218 | -5/Garrison | Discovered new exit (range 10) 5247 | -5/Garrison | Entered Factory 5247 | -4/Factory | Evolved 2 slots: Utility x1, Weapon x1 5311 | -4/Factory | Found Quantum Capacitor 5552 | -4/Factory | Build established: Scavenger-Gunner 6080 | -4/Factory | Identified exit to Garrison 6082 | -4/Factory | Entered Garrison 6210 | -4/Garrison | Build established: Gunner 6232 | -4/Garrison | Triggered checkpoint 6323 | -4/Garrison | Spotted B-86 Titan 6360 | -4/Garrison | Core integrity fell below 50% 6376 | -4/Garrison | Discovered new exit (range 14) 6384 | -4/Garrison | Expanded RIF knowledge: Watcher Feeds 6390 | -4/Garrison | Core integrity fell below 20% 6392 | -4/Garrison | Destroyed by G-67 Veteran with Field Laser Last Messages --------------- 06362_ Field strength at 8. 06362_ Stasis field depleted. 06362_ Penetrated by Slug. 06370_ G-67 Veteran springs to life. 06370_ Adv. Coolant Injector destroyed. 06374_ Detecting nearby RIF Installer. 06376_ EXIT=FOUND Initiating installation procedure... 06384_ Expanded RIF knowledge: Watcher Feeds. 06386_ Slammed into S-27 Virus. 06386_ Destabilizing: Core damaged (-34). 06387_ Slammed into S-27 Virus. 06389_ S-27 Virus destroyed. 06390_ Acquired 27 matter. 06390_ G-67 Veteran knocked back. 06390_ Knocked back. 06390_ Penetrated by Slug. 06391_ Slammed into X-82 Rainmaker. 06392_ Target Analyzer broken. 06392_ Destabilizing: Short circuit. Map ----- +----------------------------------------------------+ | # #?????????????????????????????? | | # #?????????????????????????????? | | # #?????????????????????????????? | | ?## ## ## ###?????????????????????????????? | | ?## ## "# ##########??????????????????????? | | #??????????????????????? | | #??????????????????????? | | ??# ####### #??????????????????????? | | ??## ## #" ##?????? ???????????????????????? | | ???# ??# ## #??????? ???????????????????????? | | ???????####??# #??????# ???????????????????????? | | ?????????????# #??????# ??????????g????????????? | | ?????????????+ +??????# ???????????????????????? | | ?????????????# !#??????# #??????????????????????? | | ?????????????#BB#??????# #??????????????????????? | | ?????????????#BB######## #??????????????????????? | | ?????????????# [ #??????????????????????? | | ?????????????# g Y ??????????????????? | | ?????????????# #########g ##?????????????????????? | | ?????????????# #???????# #??????????????????????? | | ?????????????# #???????# #??????????????????????? | | ?????????????# #???????# g#???#######????????????? | | ?????????????# #???????# ##### """"#????????????? | | ?????????????# #???????#g%= "#????????????? | | ?????????????# #???????#g[##!!# """"#????????????? | | ?????????????# #???????#x@##!!#######????????????? | | ?????????????# #???????#xg#####??????????????????? | | ?????????????# #???????# #??????????????????????? | | ?????????????# #???????#hh###########????????????? | | ?????????????# #???????# g #?????????? | | ?????????????# #???????# g #?????????? | | ?????????????# #???????#g# ## ## < #?????????? | | ?????????????# ######### # #???###??????????????? | | ?????????????# / # #????????????????????? | | ?????????????# ########### #????????????????????? | | ???????????? ????????? #????????????????????? | | ???????????# #???????? ????????????????????? | | ???????????# ####???????? ????????????????????? | | ???????????# ???????????? ???????????????????? | | ???????????###????????????? ???????????????????? | | ??????????????????????????? ??????????????????? | | ?????????????????????????????????????????????????? | | ?????????????????????????????????????????????????? | | ?????????????????????????????????????????????????? | | ?????????????????????????????????????????????????? | | ?????????????????????????????????????????????????? | | ?????????????????????????????????????????????????? | | ?????????????????????????????????????????????????? | | ?????????????????????????????????????????????????? | | ?????????????????????????????????????????????????? | +----------------------------------------------------+ Best States ------------- Heat Dissipation 58 Coolant Potential 100 Energy Generation 30 Energy Capacity 690 Matter Stores 300 Matter Capacity 300 Sight Range 16 Terrain Scan Range 16 Terrain Scan Density 10 Additional Mass Support 9 Armor Coverage 300 Resistance: KI 25 Resistance: TH 30 Resistance: EX 25 Evasion (%) 65 Targeting Accuracy 8 Target Analysis 5 Offensive Hacking 12 Item Schematics ----------------- Utility Shielding | -9/Mines | Hacked Rocket Launcher | -8/Materials | Scanalyzed Aluminum Leg | -8/Materials | Scanalyzed Gravmag System | -4/Factory | Scanalyzed Quantum Capacitor | -4/Factory | Scanalyzed Adv. Cooling System | -4/Factory | Scanalyzed Robot Schematics ------------------ None Fabricated ------------ Nothing Alien Tech Used ----------------- None Achievements -------------- Can't Catch Me Challenges ------------ None Game ------ Seed ConstructCargoShield Manual? 0 Play Time 00:45:53 Cumulative 33.1 hours Start 2024.04.08 @ 16:42:55 End 2024.04.09 @ 18:40:29 Sessions 3 Manual Loads 0 Difficulty Rogue Special Mode None Game No. 90 Rogue 88 Adventurer 2 Explorer 0 Win Type - Total 0 Types 0/0/0/0/0/0/0/0/0 Lore% 29 Gallery% 41 Achievement% 32 Wizard Run 0 Options --------- Layout 1 ASCII 0 Keyboard 0 Movement Arrows Keybinds 0 Fullscreen 2 Font 24/Smallcaps Map View 50x35 Zoom Use 0% Tactical HUD 1 Map Filters NONE Filters NONE Steam 1 RUN: f98ad599-1b59-4786-ab84-0fafcbb3d106